AoeStats
← Hidalgo

Black Forest

510274694Analyzed
4v4 RM · 17h ago on Sep 30, 2026· 63m 11s· 8 players
Game mode
Random Map
Map size
Large (8 player)
Population
200
Speed
Normal
Resources
Standard
Victory
Conquest
Starting age
Dark Age
Ending age
Imperial Age
RankedLock teamsTeams togetherTeam positionsShared explorationLock speedFull tech treeHidden civsTurbo modeCheats
Victory
Defeat
🇵🇰 Celts · Pakistan
901
+15
🇭🇰 Mongols · Hong Kong SAR China
878
+16
🇮🇳 Italians · India
835
+18
🇨🇳 Franks · China
822
+19
🇷🇺 Ethiopians · Russia
925
-19
🇹🇷 Franks · Türkiye
915
-18
🇦🇷 Malians · Argentina
856
-16
🇹🇷 Britons · Türkiye
837
-15
alpercetiner66
0:27 Loom
12:35 Feudal Age
19:53 Castle Age
18:57 Horse Collar
19:06 Double-Bit Axe
19:14 Gold Mining
19:16 Stone Mining
20:59 Heavy Plow
21:11 Bow Saw
22:03 Gold Shaft Mining
23:12 Wheelbarrow
22:23 Town Watch
26:42 Hand Cart
26:54 Treadmill Crane
27:39 Town Patrol
28:14 Ballistics
28:27 Fortified Wall
29:41 Caravan
30:25 Masonry
30:11 Murder Holes
30:52 Fletching
31:02 Padded Archer Armor
32:34 Coinage
32:07 Bodkin Arrow
32:29 Leather Archer Armor
33:16 Yeomen
37:50 Imperial Age
39:05 Bracer
39:35 Ring Archer Armor
40:10 Chemistry
38:56 Arrowslits
39:41 Architecture
40:17 Two-Man Saw
39:42 Conscription
39:58 Hoardings
40:35 Hoardings
40:27 Conscription
39:29 Elite Longbowman
41:34 Banking
41:19 Guilds
Hidalgo
11:00 Feudal Age
15:36 Castle Age
14:39 Gold Mining
15:00 Double-Bit Axe
19:27 Stone Mining
29:12 Imperial Age
26:41 Fletching
27:50 Forging
27:46 Scale Barding Armor
30:04 Bodkin Arrow
31:11 Iron Casting
30:57 Chain Barding Armor
32:02 Wheelbarrow
33:21 Ballistics
34:03 Chemistry
34:26 Blast Furnace
32:49 Cavalier
33:29 Husbandry
34:08 Husbandry
38:57 Paladin
38:59 Pikeman
51:45 Light Cavalry
ZHENYABRUSS
4:06 Loom
12:32 Feudal Age
15:32 Double-Bit Axe
18:34 Wheelbarrow
17:53 Stone Mining
18:31 Horse Collar
20:56 Castle Age
18:51 Gold Mining
19:14 Forging
19:05 Scale Mail Armor
18:57 Fletching
21:02 Town Watch
21:14 Arson
22:39 Bow Saw
22:35 Caravan
23:06 Coinage
24:07 Heavy Plow
26:30 Hand Cart
26:17 Town Patrol
26:23 Squires
29:41 Gold Shaft Mining
29:44 Stone Shaft Mining
31:30 Bodkin Arrow
32:13 Iron Casting
31:53 Chain Mail Armor
35:00 Imperial Age
33:12 Masonry
33:24 Ballistics
34:52 Murder Holes
36:17 Conscription
35:18 Elite Shotel Warrior
36:35 Plate Mail Armor
37:06 Blast Furnace
36:11 Bracer
37:12 Blast Furnace
36:43 Plate Mail Armor
36:57 Architecture
38:00 Royal Heirs
48:25 Halberdier
Fréderich
12:02 Feudal Age
12:35 Double-Bit Axe
19:07 Castle Age
18:42 Gold Mining
19:51 Man-at-Arms
19:52 Pikeman
20:33 Squires
20:50 Bow Saw
20:29 Horse Collar
22:34 Wheelbarrow
25:51 Hand Cart
27:27 Heavy Plow
27:32 Loom
29:11 Gold Shaft Mining
28:27 Stone Mining
31:37 Imperial Age
30:45 Ballistics
29:49 Long Swordsman
30:15 Arson
30:45 Forging
30:36 Scale Mail Armor
30:27 Fletching
30:59 Fortified Wall
32:27 Two-Handed Swordsman
33:58 Stone Shaft Mining
36:29 Scale Barding Armor
36:43 Chain Mail Armor
38:50 Champion
40:04 Plate Mail Armor
40:10 Iron Casting
FluxyAshYT
0:30 Loom
13:57 Feudal Age
17:02 Stone Mining
19:44 Castle Age
17:51 Double-Bit Axe
19:34 Horse Collar
22:46 Gold Mining
25:27 Fletching
31:06 Imperial Age
29:37 Heavy Plow
29:49 Bow Saw
30:26 Treadmill Crane
32:46 Chemistry
33:25 Two-Man Saw
33:10 Wheelbarrow
32:17 Elite Genoese Crossbowman
33:05 Padded Archer Armor
34:29 Bodkin Arrow
34:49 Leather Archer Armor
35:48 Silk Road
36:18 Conscription
46:26 Caravan
46:50 Bracer
47:20 Ring Archer Armor
47:01 Forging
51:44 Pikeman
51:44 Man-at-Arms
52:25 Squires
54:15 Long Swordsman
55:23 Two-Handed Swordsman
56:53 Iron Casting
56:19 Scale Mail Armor
56:19 Champion
Jascsdc001
6:49 Loom
12:52 Feudal Age
13:36 Double-Bit Axe
16:38 Castle Age
18:34 Wheelbarrow
18:11 Bow Saw
25:40 Gold Mining
26:30 Scale Barding Armor
26:36 Forging
26:51 Stone Mining
27:39 Gold Shaft Mining
27:02 Town Watch
28:41 Hand Cart
29:30 Fortified Wall
29:16 Treadmill Crane
32:21 Imperial Age
30:36 Iron Casting
30:21 Chain Barding Armor
31:55 Caravan
32:28 Husbandry
31:49 Light Cavalry
34:07 Conscription
33:15 Cavalier
34:20 Chivalry
33:47 Ordonnance Companies
33:53 Elite Throwing Axeman
35:52 Chemistry
35:05 Masonry
34:44 Paladin
36:58 Blast Furnace
36:37 Plate Barding Armor
36:19 Scale Mail Armor
36:30 Arson
36:45 Squires
36:31 Gambesons
36:07 Pikeman
37:06 Cranequins
40:13 Hoardings
39:49 Siege Engineers
40:15 Architecture
40:07 Ballistics
40:07 Chain Mail Armor
42:36 Plate Mail Armor
42:07 Padded Archer Armor
42:00 Fletching
44:41 Leather Archer Armor
44:22 Bodkin Arrow
44:42 Heavy Mounted Crossbowman
46:09 Murder Holes
46:00 Arrowslits
45:44 Elite Skirmisher
52:43 Town Patrol
John Rambo
10:26 Feudal Age
12:14 Horse Collar
15:48 Castle Age
15:56 Castle Age
16:04 Double-Bit Axe
18:45 Loom
24:35 Heavy Plow
30:42 Imperial Age
29:10 Bow Saw
30:02 Wheelbarrow
29:44 Fletching
29:54 Padded Archer Armor
30:54 Ballistics
30:31 Bodkin Arrow
31:10 Murder Holes
31:36 Leather Archer Armor
32:02 Parthian Tactics
31:40 Bracer
31:57 Husbandry
32:09 Bloodlines
33:05 Chemistry
32:20 Capped Ram
33:06 Siege Ram
33:18 Elite Mangudai
35:08 Conscription
34:41 Siege Ram
36:37 Gold Mining
43:13 Light Cavalry
48:37 Hand Cart
48:08 Town Watch
49:04 Drill
59:32 Stone Mining
60:23 Gold Shaft Mining
60:21 Arson
60:03 Spies/Treason
62:39 Squires
62:25 Arson
62:00 Pikeman
62:56 Forging
62:51 Scale Barding Armor
62:53 Nomads
63:01 Thumb Ring
62:19 Crossbowman
62:19 Elite Skirmisher
62:20 Heavy Cavalry Archer
63:37 Devotion
63:32 Herbal Medicine
63:58 Heresy
63:50 Fortified Wall
63:51 Masonry
63:47 Siege Engineers
63:33 Guard Tower
63:51 Caravan
ALAM-THE-GHAZAI
5:01 Loom
13:53 Feudal Age
15:46 Double-Bit Axe
18:51 Castle Age
21:40 Town Watch
22:36 Wheelbarrow
24:39 Gold Mining
26:57 Hand Cart
27:31 Stone Mining
28:17 Gold Shaft Mining
30:11 Horse Collar
33:46 Imperial Age
33:04 Bow Saw
33:01 Heavy Plow
34:53 Stone Shaft Mining
35:21 Fletching
35:41 Forging
34:54 Onager
36:50 Chemistry
35:56 Siege Engineers
36:47 Caravan
37:23 Guilds
38:04 Siege Onager
39:05 Bodkin Arrow
39:45 Iron Casting
39:10 Scale Mail Armor
40:26 Padded Archer Armor
41:02 Iron Casting
40:31 Town Patrol
41:56 Ballistics
41:26 Heated Shot
47:58 Capped Ram
49:22 Chain Mail Armor
49:22 Leather Archer Armor
50:08 Blast Furnace
49:22 Masonry
49:25 Siege Ram
51:44 Ring Archer Armor
51:45 Plate Mail Armor
53:14 Coinage
54:24 Scale Barding Armor
54:53 Banking
54:40 Heavy Scorpion
59:32 Spies/Treason
Connection lost

Rejoining the realm…

Still unreachable

The connection could not be restored.

Session expired

The server has moved on; the page needs a fresh start.